 Dungeon Crawl Stone Soup version 0.29.1-1-gd02db6906a (webtiles) character file.

Game seed: 4357498936113926764

109 GigaChad the Covered (level 4, -2/40 HPs)
             Began as a Minotaur Fighter on Oct 5, 2022.
             Was a Follower of Qazlal.
             Slain by a gnoll
             ... wielding a +0 whip
              (3 damage)
             ... on level 3 of the Dungeon.
             The game lasted 00:03:37 (2690 turns).

GigaChad the Covered (Minotaur Fighter)             Turns: 2690, Time: 00:03:38

Health: -2/40      AC:  7    Str: 22    XL:     4   Next: 60%
Magic:  3/3        EV:  9    Int:  5    God:    Qazlal [*.....]
Gold:   54         SH:  6    Dex: 10    Spells: 3/3 levels left

rFire   . . .      SeeInvis .   a - +0 long sword (chaos)
rCold   . . .      Faith    .   c - +0 buckler
rNeg    . . .      Spirit   .   b - +0 scale mail
rPois   +          Reflect  .   (helmet restricted)
rElec   .          Harm     .   (no cloak)
rCorr   .          Rampage  .   (no gloves)
Will    .....                   (no boots)
Stlth   ..........              (no amulet)
HPRegen 0.13/turn               j - ring of poison resistance
MPRegen 0.08/turn               (no ring)

@: no status effects
A: horns 2, retaliatory headbutt
a: Renounce Religion


You were on level 3 of the Dungeon.
You worshipped Qazlal.
Qazlal was aware of your devotion.
You visited 1 branch of the dungeon, and saw 3 of its levels.

You collected 54 gold pieces.

Inventory:

Hand Weapons
 a - a +0 long sword of chaos (weapon)
 g - a +3 dagger
Armour
 b - a +0 scale mail (worn)
 c - a +0 buckler (worn)
Jewellery
 j - a ring of poison resistance (left hand)
Scrolls
 f - a scroll of teleportation
 k - a scroll of enchant weapon {unknown}
 l - a scroll of amnesia {unknown}
Potions
 d - a potion of might
 e - a potion of berserk rage {unknown}
 h - 2 potions of curing {unknown}
 i - a potion of degeneration {unknown}


   Skills:
 + Level 4.1 Fighting
 + Level 3.8 Long Blades
 + Level 4.8 Armour
 + Level 1.0 Dodging
 + Level 4.1 Shields


You had 3 spell levels left.
You didn't know any spells.
Your spell library contained the following spells:

 Spells                   Type           Power      Damage    Failure   Level
 Summon Small Mammal      Summ           0%         N/A       86%         1
 Call Canine Familiar     Summ           0%         N/A       99%         3
 Summon Guardian Golem    Hex/Summ       0%         N/A       99%         3


Dungeon Overview and Level Annotations

Branches:
Dungeon (3/15)

Altars:
Qazlal


Innate Abilities, Weirdness & Mutations

You have a pair of horns on your head.
You reflexively headbutt those who attack you in melee.


Message History

You hit the gnoll.
The gnoll suddenly seems more agile.
Your headbutt misses the gnoll.
The gnoll is lightly wounded.
The gnoll hits you from afar with a +0 halberd.
The gnoll hits you but does no damage.
You miss the gnoll.
The gnoll is lightly wounded.
The gnoll closely misses you. The gnoll completely misses you.
The gnoll barely misses you. The gnoll hits you with a +0 halberd!
You hit the gnoll.
The gnoll is poisoned.
Your headbutt misses the gnoll.
The gnoll is heavily wounded.
The gnoll barely misses you. You furiously retaliate!
You headbutt the gnoll, but do no damage.
You block the gnoll's attack.
You closely miss the gnoll. You headbutt the gnoll.
You kill the gnoll!
Qazlal accepts your kill. You block the gnoll's attack.
A gnoll comes into view. It is wielding a +0 whip.
You closely miss the gnoll. The gnoll hits you but does no damage.
The gnoll hits you with a +0 club.
You barely miss the gnoll. You block the gnoll's attack.
The gnoll hits you with a +0 club.
The gnoll hits you but does no damage. x2
You barely miss the gnoll. The gnoll hits you with a +0 club.
You block the gnoll's attack.
You hit the gnoll. You burn the gnoll. You headbutt the gnoll!
You kill the gnoll!
Qazlal accepts your kill.
The gnoll hits you from afar with a +0 halberd.
* * * LOW HITPOINT WARNING * * *
You closely miss the gnoll.
You headbutt the gnoll, but do no damage.
The gnoll hits you with a +0 whip.
* * * LOW HITPOINT WARNING * * *
The gnoll closely misses you.
You completely miss the gnoll. The gnoll closely misses you.
The gnoll hits you from afar with a +0 halberd!
* * * LOW HITPOINT WARNING * * *
The gnoll hits you with a +0 whip.
You die...

#.#.# #.#.# #.#.#
##[#.#
#########....#
#.........#..#
#.#######....#####
#.# ####...... #@#
######...## #g#
..........# .g.
..#####.).# ##..#
##.## ..## #.##
#.. ##..## ###
##8..8# #...>..
#......


You could see 2 gnolls.

Vanquished Creatures
  Robin (D:2)
  2 adders (D:2)
  2 gnolls (D:3)
  A worm (D:2)
  A dart slug (D:2)
  3 bats
  3 endoplasms
  2 giant cockroaches
  8 hobgoblins
  3 jackals (D:1)
  3 ball pythons (D:1)
  2 frilled lizards (D:2)
  14 goblins
  6 kobolds
  3 rats (D:1)
54 creatures vanquished.

Notes
Turn   | Place    | Note
-------+----------+-------------------------------------------
     0 | D:1      | GigaChad the Minotaur Fighter began the quest for the Orb.
     0 | D:1      | Reached XP level 1. HP: 19/19 MP: 0/0
   360 | D:1      | Reached XP level 2. HP: 24/27 MP: 1/1
  1136 | D:1      | Reached XP level 3. HP: 31/33 MP: 2/2
  1583 | D:2      | Found a faded altar of an unknown god.
  1599 | D:2      | Prayed at the altar of an unknown god.
  1599 | D:2      | Became a worshipper of Qazlal Stormbringer
  1599 | D:2      | Reached * piety under Qazlal
  2011 | D:2      | Noticed Robin
  2014 | D:2      | Reached XP level 4. HP: 33/40 MP: 3/3
  2033 | D:2      | Killed Robin
  2034 | D:2      | Reached skill level 1 in Dodging
  2690 | D:3      | HP: 1/40 [gnoll/+0 halberd (10)]
  2690 | D:3      | Slain by a gnoll

Illustrated notes

Levels and vault maps discovered:
D:1:      dpeg_arrival_leaves_temple_mockup, layout_basic, serial_forest,
          infiniplex_forest_corner_1, infiniplex_forest_clump_medium,
          infiniplex_forest_end_3, infiniplex_forest_corner_1,
          infiniplex_forest_join, infiniplex_forest_lined_ring,
          hangedman_abyss_or_decor_stabs
D:2:      layout_loops_corners, hellmonk_ecumenical_altar_zigzags, uniq_robin
D:3:      layout_loops_ring, corexii_leaking_fountain, st_stairs_6

Skill      XL: |  1  2  3  4 |
---------------+-------------+-----
Fighting       | 4 |  4.1
Shields        | 4 |  4.1
Armour         | 4 |  4.8
Long Blades    | 3 |  3.8
Dodging        | 1 |  1.0

Action                   |  1- 3 |  4- 6 || total
-------------------------+-------+-------++-------
Melee: Long sword        |    98 |    28 ||   126
       Headbutt          |     7 |     3 ||    10
  Use: Scroll            |     4 |       ||     4
Armor: Scale mail        |    68 |    19 ||    87
Dodge: Dodged            |    56 |    15 ||    71
Block: Buckler           |    34 |    14 ||    48
